 Dungeon Crawl Stone Soup version 0.29.1-15-g9cfb28693d (webtiles) character file.

Game seed: 4749244854790374426

28 BlackCrag the Firebug (level 2, 0/15 HPs)
             Began as a Deep Elf Fire Elementalist on Mar 6, 2023.
             Slain by an orc wizard
             ... wielding a +0 dagger
              (2 damage)
             ... on level 1 of the Dungeon.
             The game lasted 00:07:36 (1466 turns).

BlackCrag the Firebug (Deep Elf Fire Elementalist)  Turns: 1466, Time: 00:07:36

Health: 0/15       AC:  2    Str:  5    XL:     2   Next: 96%
Magic:  1/8        EV: 12    Int: 19    God:
Gold:   38         SH:  0    Dex: 15    Spells: 5/8 levels left

rFire   . . .      SeeInvis .   (no weapon)
rCold   . . .      Faith    .   (no shield)
rNeg    . . .      Spirit   .   a - +0 robe
rPois   .          Reflect  .   (no helmet)
rElec   .          Harm     .   (no cloak)
rCorr   .          Rampage  .   (no gloves)
Will    .....                   (no boots)
Stlth   ++........              (no amulet)
HPRegen 0.05/turn               (no ring)
MPRegen 0.11/turn               (no ring)

@: no status effects
A: no striking features
a: no special abilities


You were on level 1 of the Dungeon.
You visited 1 branch of the dungeon, and saw 2 of its levels.

You collected 38 gold pieces.

Inventory:

Hand Weapons
 d - a +0 club
Armour
 a - a +0 robe (worn)
Scrolls
 f - a scroll of fear {unknown}
 g - a scroll of summoning {unknown}
Potions
 b - a potion of magic
 c - 3 potions of curing


   Skills:
 + Level 2.4 Dodging
 + Level 2.5 Stealth
 * Level 3.8 Spellcasting
 * Level 1.1 Conjurations
 * Level 4.0 Fire Magic


You had 5 spell levels left.
You knew the following spells:

 Your Spells              Type           Power      Damage    Failure   Level
a - Foxfire               Conj/Fire      52%        2x1d6     4%          1
b - Scorch                Fire           38%        2d6       4%          2

Your spell library contained the following spells:

 Spells                   Type           Power      Damage    Failure   Level
 Conjure Flame            Conj/Fire      13%        6-21      14%         3
 Inner Flame              Hex/Fire       11%        N/A       19%         3
 Flame Wave               Conj/Fire      13%        2d6       43%         4
 Airstrike                Air            1%         2d(1-17)  80%         4
 Summon Lightning Spire   Summ/Air       3%         N/A       80%         4
 Lightning Bolt           Conj/Air       2%         1d14      97%         5


Dungeon Overview and Level Annotations

Branches:
Dungeon (2/15)

Altars:


Message History

Confirm with . or Enter, or press ? or * to list all spells.
Flames lash the orc wizard.
The orc wizard is heavily wounded.
The orc wizard's fire resistance burns away.
The orc wizard gestures wildly while chanting.
The orc wizard flickers and vanishes!
Deactivating autopickup; reactivate with Ctrl-A.
Casting: Foxfire (safe; 4% risk of failure)
Press: ? - help, Q - select action, (/) - cycle Dir - look around, f - activate You conjure some foxfire!
Something hits you.
Your foxfire dissipates!
The foxfire hits something but does no damage.
Casting: Foxfire (safe; 4% risk of failure)
Press: ? - help, Q - select action, (/) - cycle Dir - look around, f - activate You conjure some foxfire!
You hear some strange, mumbled words.
A magic dart appears from out of thin air!
The magic dart hits you.
The foxfire hits something. x2
Something hits you.
* * * LOW HITPOINT WARNING * * *
Something hits you.
* * * LOW HITPOINT WARNING * * *
You hear some strange, mumbled words.
Something tries to affect you, but you resist.
Things that are here:
a +0 club; a goblin corpse
d - a +0 club
Casting: Foxfire (safe; 4% risk of failure)
Press: ? - help, Q - select action, (/) - cycle Dir - look around, f - activate You conjure some foxfire!
You hear some strange, mumbled words.
Something tries to affect you, but you resist.
Your foxfire dissipates!
Casting: Foxfire (safe; 4% risk of failure)
Press: ? - help, Q - select action, (/) - cycle Dir - look around, f - activate You conjure some foxfire!
Something hits you.
You die...

#.####### #.######...##
#....(..# #......#...#.
#######.# ######.#...#. #.#
#>##.#...#. #.# #....##'##'
#.# #.####...#. #.# #.#
#...#. #.############# #.#
#...## #.#.....†.@v..# #.#
#..... #.##.########.# #.#
#.#... #.##.#......#.# #.#
#..... #.##>##...#.#.# #.#
###### #.#.......#.#.#
#.######### #.#..#....#.#.#
#.#........
#.#!.#....#.#.###.#.#######
#.#..#....#.#.#...#.#......
#.#..#....#.#.#.###.#.#####


There were no monsters in sight!

Vanquished Creatures
  An orc (D:2)
  5 endoplasms (D:1)
  2 giant cockroaches
  3 hobgoblins (D:1)
  2 quokkas (D:1)
  A ball python (D:1)
  2 bats (D:1)
  A frilled lizard (D:1)
  3 goblins (D:1)
  2 kobolds (D:1)
  2 rats (D:1)
24 creatures vanquished.

Vanquished Creatures (others)
  48 foxfires
48 creatures vanquished.

Grand Total: 72 creatures vanquished

Notes
Turn   | Place    | Note
-------+----------+-------------------------------------------
     0 | D:1      | BlackCrag the Deep Elf Fire Elementalist began the quest
                  | for the Orb.
     0 | D:1      | Reached XP level 1. HP: 10/10 MP: 6/6
   360 | D:1      | Reached XP level 2. HP: 15/15 MP: 5/8
   413 | D:1      | Learned a level 2 spell: Scorch
   778 | D:1      | Found a faded altar of an unknown god.
  1339 | D:1      | Reached skill level 4 in Fire Magic
  1466 | D:1      | Slain by an orc wizard

Illustrated notes

Levels and vault maps discovered:
D:1:      minmay_arrival_widening_spiral_wide, layout_basic,
          basic_ecumenical_altar
D:2:      layout_rooms, basic_altar

Skill      XL: |  1  2 |
---------------+-------+-----
Fire Magic     | 4 |  4.0
Dodging        | |  2.4
Stealth        | |  2.5
Spellcasting   | |  3.8
Conjurations   | |  1.1

Action                   || total
-------------------------++-------
 Cast: Foxfire           ||    40
       Scorch            ||     5
  Use: Scroll            ||     2
Armor: Robe              ||     3
Dodge: Dodged            ||    16
